 Dungeon Crawl Stone Soup version 0.23.2-33-g5129a83184 (webtiles) character file.

Game seed: 3727312215874709531

1102 Sagoz the Skirmisher (level 8, -2/71 HPs)
             Began as a Minotaur Berserker on July 23, 2019.
             Was a Priest of Trog.
             Slain by a black bear (3 damage)
             ... on level 7 of the Dungeon.
             The game lasted 01:07:10 (8921 turns).

Sagoz the Skirmisher (Minotaur Berserker)           Turns: 8921, Time: 01:07:10

Health: -2/71      AC:  5    Str: 23      XL:     8   Next: 10%
Magic:  6/7        EV: 14    Int:  1 (4)  God:    Trog [***...]
Gold:   219        SH:  0    Dex: 11      Spells: 7/7 levels left

rFire    . . .     SeeInvis .   a - +0 hand axe
rCold    . . .     Gourm    .   (no shield)
rNeg     . . .     Faith    .   y - +0 leather armour
rPois    +         Spirit   .   (helmet restricted)
rElec    .         Reflect  .   o - +0 cloak {rPois}
rCorr    .         Harm     .   (no gloves)
MR       +....                  (no boots)
Stlth    +.........             (no amulet)
HPRegen  0.21/turn              b - ring of protection from magic
MPRegen  0.10/turn              t - ring of flight

@: flying
A: retaliatory headbutt, horns 2
a: Berserk, Trog's Hand, Renounce Religion, Stop Flying


You were on level 7 of the Dungeon.
You worshipped Trog.
Trog was most pleased with you.
You were near starving.

You visited 1 branch of the dungeon, and saw 7 of its levels.

You collected 219 gold pieces.

Inventory:

Hand Weapons
 a - a +0 hand axe (weapon)
 f - a +1 dagger of venom
 h - the +9 dagger of Severance {vamp, rF++ MR+ Int-3 Stlth+, unknown}
   (You found it on level 5 of the Dungeon)

   It inflicts no extra harm, but heals its wielder when it wounds a living foe.
   It affects your intelligence (-3).
   It greatly protects you from fire.
   It affects your resistance to hostile enchantments.
   It makes you more stealthy.
 q - a +2 quarterstaff of chaos
Armour
 o - a +0 cloak of poison resistance (worn)
 y - a +0 leather armour (worn)
Jewellery
 b - a ring of protection from magic (left hand)
 t - a ring of flight (right hand)
Wands
 i - a wand of paralysis (5)
 p - a wand of flame (21)
Scrolls
 c - a scroll of teleportation {unknown}
 e - 7 scrolls of identify {unknown}
 j - 2 scrolls of magic mapping {unknown}
 k - a scroll of enchant weapon {unknown}
 l - a scroll of immolation {unknown}
 m - a scroll of noise {unknown}
 n - a scroll of amnesia {unknown}
 s - 2 scrolls of enchant armour {unknown}
 w - 2 scrolls of remove curse {unknown}
Potions
 d - 4 potions of curing
 g - a potion of brilliance {unknown}
Comestibles
 r - 4 rations


   Skills:
 + Level 6.4 Fighting
 + Level 3.9 Short Blades
 + Level 6.3 Axes
 + Level 5.6 Armour
 + Level 5.1 Dodging


You had 7 spell levels left.
You didn't know any spells.
Your spell library contained the following spells:

 Spells                   Type           Power        Failure   Level  Hunger
 Magic Dart               Conj           #...         61%         1    ##.....
 Blink                    Tloc           N/A          75%         2    ###....
 Call Imp                 Summ           #.......     75%         2    ###....
 Slow                     Hex            #.......     75%         2    ###....
 Conjure Flame            Conj/Fire      #.......     93%         3    ####...
 Mephitic Cloud           Conj/Pois/Air  #.......     93%         3    ####...


Dungeon Overview and Level Annotations

Branches:
Dungeon (7/15)
 Temple: D:4-7

Altars:
Cheibriados
Fedhas
Sif Muna
Trog
Zin

Annotations:
D:5 exclusion: oklob plant


Innate Abilities, Weirdness & Mutations

You reflexively headbutt those who attack you in melee.
You have a pair of horns on your head.


Message History

The black bear bites you but does no damage.
The black bear claws you but does no damage.
The black bear claws you.
* * * LOW HITPOINT WARNING * * *
The black bear misses you. The black bear closely misses you.
The black bear misses you.
You hit the black bear. You headbutt the black bear.
The black bear is almost dead.
You hit the black bear. The black bear completely misses you.
The black bear closely misses you. The black bear misses you.
The black bear bites you.
* * * LOW HITPOINT WARNING * * *
The black bear closely misses you.
The black bear claws you but does no damage.
You feel very buoyant.
You fly up into the air.
You feel somewhat more hungry.
The black bear bites you but does no damage.
The black bear barely misses you.
The black bear completely misses you. x2
The black bear claws you.
You die...

#..# ##...###
...$.$.# ########
###.....# #.......
...._..# #.#####.
#.P.P.# #.##....
#.....#####.##.##.
####.#.........##.
#@hS...####.......
#h###### ########
#.# # ... # ...# #
##..# #### ....
#... ..#. #.## # #


You could see 2 black bears and an adder.

Vanquished Creatures
  Sigmund (D:2)
  A water moccasin (D:5)
  Duvessa (D:4)
  2 phantoms (D:4)
  Dowan (D:4)
  A scorpion (D:6)
  A crimson imp (D:7)
  Crazy Yiuf (D:4)
  A hound (D:4)
  2 orc priests
  A bullfrog skeleton (D:4)
  An orc wizard (D:5)
  3 worker ants
  A worker ant zombie (D:7)
  3 adders
  A gnoll (D:3)
  An ooze (D:3)
  An adder zombie (D:6)
  A worm (D:3)
  3 dart slugs
  4 leopard geckos
  16 orcs
  5 giant cockroaches
  12 goblins
  10 hobgoblins
  6 jackals (D:3)
  11 kobolds
  3 ball pythons
  5 bats
  4 frilled lizards
  A quokka skeleton (D:3)
  9 rats
  2 plants
116 creatures vanquished.

Vanquished Creatures (others)
  5 plants (D:1)
5 creatures vanquished.

Grand Total: 121 creatures vanquished

Notes
Turn   | Place    | Note
-------+----------+-------------------------------------------
     0 | D:1      | Sagoz the Minotaur Berserker began the quest for the Orb.
     0 | D:1      | Reached XP level 1. HP: 19/19 MP: 0/0
  1061 | D:1      | Reached XP level 2. HP: 25/27 MP: 1/1
  2571 | D:2      | Reached XP level 3. HP: 33/33 MP: 2/2
  2961 | D:2      | Noticed Sigmund
  2989 | D:2      | Killed Sigmund
  2989 | D:2      | Reached XP level 4. HP: 41/41 MP: 3/3
  2989 | D:2      | Reached XP level 5. HP: 47/47 MP: 4/4
  3607 | D:2      | Reached ** piety under Trog
  5142 | D:3      | Reached XP level 6. HP: 55/55 MP: 5/5
  5149 | D:3      | Reached skill level 5 in Fighting
  6052 | D:3      | Found a faded altar of an unknown god.
  6559 | D:2      | Reached skill level 5 in Axes
  6589 | D:2      | Reached *** piety under Trog
  7249 | D:4      | Found a runed translucent door.
  7250 | D:4      | Noticed Crazy Yiuf
  7258 | D:4      | Killed Crazy Yiuf
  7258 | D:4      | Reached XP level 7. HP: 61/61 MP: 6/6
  7538 | D:4      | Noticed Dowan
  7539 | D:4      | Noticed Duvessa
  7543 | D:4      | Killed Duvessa
  7543 | D:4      | Reached skill level 5 in Armour
  7547 | D:4      | Killed Dowan
  7553 | D:4      | Found a snail-covered altar of Cheibriados.
  7553 | D:4      | Found a glowing silver altar of Zin.
  7561 | D:4      | Found a faded altar of an unknown god.
  7567 | D:4      | Found a deep blue altar of Sif Muna.
  7568 | D:4      | Found a faded altar of an unknown god.
  8294 | D:5      | Entered Level 5 of the Dungeon
  8387 | D:5      | Got a fine dagger
  8601 | D:5      | Reached skill level 5 in Dodging
  8627 | D:5      | Found a blossoming altar of Fedhas.
  8668 | D:5      | Noticed an oklob plant
  8783 | D:6      | Reached XP level 8. HP: 65/71 MP: 7/7
  8901 | D:7      | Found a bloodstained altar of Trog.
  8918 | D:7      | HP: 3/71 [black bear (2)]
  8920 | D:7      | HP: 1/71 [black bear (1)]
  8921 | D:7      | Slain by a black bear

Skill      XL: |  1  2  3  4  5  6  7 |
---------------+----------------------+-----
Fighting       | 4 5 6 |  6.4
Axes           | 4 5 6 |  6.3
Armour         | 3 4 5 |  5.6
Short Blades   | 2 3 |  3.9
Dodging        | 3 4 5 |  5.1

Action                   |  1- 3 |  4- 6 |  7- 9 || total
-------------------------+-------+-------+-------++-------
Melee: Hand axe          |    91 |   124 |   112 ||   327
       Headbutt          |    28 |    26 |    22 ||    76
       Dagger            |    12 |    10 |       ||    22
       Short sword       |    19 |       |       ||    19
Invok: Berserk           |     1 |     1 |     5 ||     7
       Trog's Hand       |       |       |     1 ||     1
 Abil: Evoke Flight      |       |     1 |     1 ||     2
Evoke: Wand              |       |     3 |       ||     3
  Use: Potion            |     1 |       |     4 ||     5
       Scroll            |       |     1 |     1 ||     2
  Eat: Chunk             |     2 |     3 |     1 ||     6
       Ration            |     2 |     3 |     2 ||     7
Armor: Animal skin       |     6 |       |       ||     6
       Robe              |    10 |    19 |       ||    29
       Leather armour    |       |     5 |    38 ||    43
Dodge: Dodged            |    49 |   101 |    90 ||   240
